 Dungeon Crawl Stone Soup version bcrawl-1.40.3b (webtiles) character file.

Game seed: 5579691171083709670

112901 tauben the Sneak (level 3, -7/28 HPs)
             Began as a Gnoll Archaeologist on Mar 16, 2024.
             Mangled by Robin
             ... wielding a +3 mace of holy wrath
              (8 damage)
             ... on level 2 of the Dungeon.
             The game lasted 00:01:58 (926 turns).

tauben the Sneak (Gnoll Archaeologist)               Turns: 926, Time: 00:01:58

Health: -7/28      AC:  6    Str: 12 (13) XL:     3   Next: 16%
Magic:  3/3        EV: 14    Int: 16 (17) God:
Gold:   108        SH:  0    Dex: 10 (13) Spells: 3/3 levels left

rFire    . . .     GDR:     22% a - +0 whip
rCold    . . .     SeeInvis .   (no shield)
rNeg     . . .     Gourm    .   c - +1 robe
rPois    .         Faith    .   d - +1 hat
rElec    .         Spirit   .   (no cloak)
rCorr    .         Reflect  .   (no gloves)
MR       .....                  l - +1 pair of boots
Stlth    +++.......             (no amulet)
HPRegen  0.14/turn              (no ring)
MPRegen  0.08/turn              (no ring)

@: no status effects
A: distributed training, fangs 1, strong nose
a: no special abilities


You were on level 2 of the Dungeon.
You were near starving.

You visited 1 branch of the dungeon, and saw 2 of its levels.

You collected 108 gold pieces.

Inventory:

Hand Weapons
 a - a +0 whip (weapon)
 b - a +0 blowgun
Missiles
 f - 6 curare-tipped needles
 j - 151 bolts
 k - 277 stones
 m - 89 javelins (quivered)
Armour
 c - a +1 robe (worn)
 d - a +1 hat (worn)
 l - a +1 pair of boots (worn)
Scrolls
 g - 2 scrolls of revelation
 i - 3 scrolls of identify
Miscellaneous
 h - a dusty tome
Comestibles
 e - 3 rations {!d}


   Skills:
 + Level 2.5 Fighting
 + Level 0.6 Short Blades
 + Level 0.6 Long Blades
 + Level 0.6 Axes
 + Level 2.5 Maces & Flails
 + Level 0.6 Polearms
 + Level 0.6 Staves
 + Level 0.6 Slings
 + Level 0.6 Bows
 + Level 0.6 Crossbows
 + Level 0.6 Throwing
 + Level 0.6 Armour
 + Level 6.5 Dodging
 + Level 6.5 Stealth
 + Level 0.6 Shields
 + Level 0.6 Unarmed Combat
 + Level 0.6 Spellcasting
 + Level 0.4 Conjurations
 + Level 0.4 Hexes
 + Level 0.4 Charms
 + Level 0.4 Summonings
 + Level 0.4 Necromancy
 + Level 0.4 Translocations
 + Level 0.4 Transmutations
 + Level 0.4 Fire Magic
 + Level 0.4 Ice Magic
 + Level 0.4 Air Magic
 + Level 0.4 Earth Magic
 + Level 0.4 Poison Magic
 + Level 0.8 Invocations
 + Level 0.6 Evocations


You had 3 spell levels left.
You didn't know any spells.
Your spell library was empty.

Dungeon Overview and Level Annotations

Branches:
Dungeon (2/12)

Altars:

Annotations:
D:2 Robin


Innate Abilities, Weirdness & Mutations

Your experience applies equally to all skills.
You have very sharp teeth.
Your uncanny sense of smell can sniff out nearby items.


Message History

Robin is severely wounded.
Robin hits you with a +3 mace of holy wrath.
* * * LOW HITPOINT WARNING * * *
You aren't carrying any potions.
You aren't carrying any potions.
Throwing (i - inventory. (/) - cycle)
m - 91 javelins (quivered)
Press: ? - help, Shift-Dir - straight line, f/p - Robin
Aim: Robin, wielding a +3 mace of holy wrath, wearing a +0 animal skin and wearing a +0 helmet (severely wounded)
You are near starving!
You throw a javelin.
The javelin hits Robin but does no damage.
Robin is severely wounded.
Robin misses you.
Throwing (i - inventory. (/) - cycle)
m - 90 javelins (quivered)
Press: ? - help, Shift-Dir - straight line, f/p - Robin
Aim: Robin, wielding a +3 mace of holy wrath, wearing a +0 animal skin and wearing a +0 helmet (severely wounded)
You throw a javelin. The javelin hits Robin.
Robin is severely wounded.
Robin hits you with a +3 mace of holy wrath!
You die...

...# #.#..#. #.......
.....
#.#..#.####.######
.######.#..#.#.....###
#
.....................#
#
........#.###..##..#.#
#
...................#.#
#
........#............#
#
#######)##########.###
# #@####### .#
##.##g#.....# .#
#....g..g# .#
#$.##.#..##.# #.
#.#.....# # #.....#.#
###...# # ......
#...###


You could see Robin and a hobgoblin.

Vanquished Creatures
  A worm (D:2)
  A leopard gecko (D:1)
  A giant cockroach (D:1)
  11 goblins
  2 hobgoblins
  A jackal (D:1)
  A bat (D:1)
  2 kobolds (D:1)
  2 rats (D:1)
22 creatures vanquished.

Notes
Turn   | Place    | Note
-------+----------+-------------------------------------------
     0 | D:1      | tauben the Gnoll Archaeologist began the quest for the Orb.
     0 | D:1      | Reached XP level 1. HP: 17/17 MP: 1/1
   271 | D:1      | Reached XP level 2. HP: 23/23 MP: 2/2
   883 | D:2      | Noticed Robin
   906 | D:2      | Reached XP level 3. HP: 12/28 MP: 3/3
   924 | D:2      | HP: 1/28 [Robin/+3 mace of holy wrath (1)]
   926 | D:2      | Mangled by Robin

Action                   || total
-------------------------++-------
Melee: Whip              ||    77
       Bite              ||    11
Throw: Javelin           ||     7
  Use: Potion            ||     2
 Stab: Sleeping          ||     7
Armor: Robe              ||    27
Dodge: Dodged            ||    59
